 Dungeon Crawl Stone Soup version 0.27.0-66-gdc8fb28755 (webtiles) character file.

Game seed: 15157310831802312289

5125 ZARRMARR the Frost Mage (level 10, -7/66 (70) HPs)
             Began as a Merfolk Ice Elementalist on Aug 19, 2021.
             Was an Initiate of Gozag.
             Shot with an arrow by a centaur warrior (24 damage)
             ... on level 8 of the Dungeon.
             The game lasted 00:59:51 (10883 turns).

ZARRMARR the Frost Mage (Merfolk Ice Elementalist) Turns: 10883, Time: 00:59:52

HP:   -7/66 (70)    AC:  5    Str: 12    XL:     10   Next: 58%
MP:   22/22         EV: 21    Int: 19    God:    Gozag
Gold: 1432          SH:  0    Dex: 14    Spells: 19/26 levels left

rFire    . . .     SeeInvis .   t - +9 spear "Etrawauckoy" {vorpal, Str+4}
rCold    . . .     Faith    .   B - +0 buckler
rNeg     . . .     Spirit   .   a - +1 robe
rPois    .         Reflect  .   f - +1 hat
rElec    .         Harm     .   w - +0 cloak
rCorr    .         Rampage  .   (no gloves)
Will     .....                  (no boots)
Stlth    +.........             p - amulet of regeneration
HPRegen  1.21/turn              n - +4 ring of evasion
MPRegen  0.18/turn              y - +4 ring of evasion

@: confused, ambrosia-drunk, drained
A: (nimble swimmer 2), mertail
a: Renounce Religion, Potion Petition, Call Merchant, Bribe Branch


You were on level 8 of the Dungeon.
You worshipped Gozag.
Gozag was most pleased with you.
You visited 1 branch of the dungeon, and saw 8 of its levels.
You also visited: Ossuary.

You collected 1467 gold pieces.
You paid 35 gold pieces to Gozag.

Inventory:

Hand Weapons
 t - the +9 spear "Etrawauckoy" (weapon) {vorpal, Str+4}
   (You found it on level 4 of the Dungeon)

   It inflicts extra damage upon your enemies.
   Str:       It affects your strength (+4).
Missiles
 j - 267 stones
 k - a boomerang (quivered)
 r - 5 boomerangs of dispersal
 D - a throwing net
Armour
 a - a +1 robe (worn)
 f - a +1 hat (worn)
 w - a +0 cloak (worn)
 B - a +0 buckler (worn)
Magical Staves
 u - a staff of poison
Jewellery
 c - a ring of see invisible
 i - a ring of poison resistance
 n - a +4 ring of evasion (left hand)
 o - a ring of flight
 p - an amulet of regeneration (around neck)
 s - a ring of willpower
 y - a +4 ring of evasion (right hand)
Wands
 x - a wand of flame (25)
 z - a wand of acid (5)
Scrolls
 d - 3 scrolls of enchant armour
 e - 6 scrolls of noise
 h - a scroll of amnesia
 q - 2 scrolls of immolation
 v - 2 scrolls of teleportation
 A - a scroll of summoning
 E - 2 scrolls of enchant weapon {unknown}
 J - 2 scrolls of magic mapping {unknown}
Potions
 b - 3 potions of curing
 g - 2 potions of cancellation
 m - a potion of flight {unknown}
 C - 2 potions of lignification {unknown}
 F - a potion of berserk rage {unknown}
 G - a potion of resistance {unknown}
 H - a potion of mutation
 I - a potion of brilliance {unknown}


   Skills:
 + Level 3.1 Fighting
 + Level 6.6 Polearms
 + Level 5.2 Throwing
 + Level 5.5 Dodging
 + Level 4.7 Stealth
 + Level 0.4 Shields
 + Level 8.8 Spellcasting
 + Level 9.6 Ice Magic


You had 19 spell levels left.
You knew the following spells:

 Your Spells              Type           Power      Damage    Failure   Level
a - Freeze                Ice            100%       1d11      1%          1
b - Frozen Ramparts       Ice            88%        1d10      1%          3
c - Ozocubu's Armour      Ice            44%        N/A       1%          3

Your spell library contained the following spells:

 Spells                   Type           Power      Damage    Failure   Level
 Hailstorm                Conj/Ice       26%        3d7       19%         4
 Blink                    Tloc           N/A        N/A       21%         2
 Passwall                 Tmut/Erth      6%         N/A       21%         2
 Slow                     Hex            8%         N/A       21%         2
 Confusing Touch          Hex            8%         N/A       36%         3
 Swiftness                Air            8%         N/A       36%         3
 Vampiric Draining        Necr           4%         2d6       36%         3
 Ozocubu's Refrigeration  Ice            22%        4d9       91%         7
 Manifold Assault         Tloc           8%         N/A       98%         5
 Invisibility             Hex            4%         N/A       100%        6
 Storm Form               Tmut/Air       4%         N/A       100%        7
 Chain Lightning          Conj/Air       4%         3d5       100%        9
 Fire Storm               Conj/Fire      4%         8d1       100%        9


Dungeon Overview and Level Annotations

Branches:
Dungeon (8/15)             Temple (0/1) D:5         Ossuary (visited)
   Lair: D:8-11

Altars:
Cheibriados
Elyvilon
Fedhas
Gozag
Nemelex Xobeh
Qazlal
Ru
Sif Muna


Innate Abilities, Weirdness & Mutations

((You are quick and stealthy near water. (Stealth+, EV+, Speed+++)))
Your lower body shifts to a powerful aquatic tail in water.


Message History

You see here a +0 whip.
K - a +0 whip You drop a +0 whip.
A centaur warrior comes into view.
Throw: boomerang
Press: ? - help, Q - select action, (/) - cycle Shift-Dir - straight line, f - centaur warrior
Aim: a centaur warrior, quivering arrows (wandering, hasn't noticed you, 69% to hit)
You throw a boomerang.
The boomerang completely misses the centaur warrior.
The centaur warrior wields a +0 longbow.
The centaur warrior shoots an arrow.
The arrow hits you!!
The centaur warrior shoots an arrow.
The arrow misses you.
The centaur warrior shoots an arrow.
You block the arrow.
Reach: t) +9 spear "Etrawauckoy" {vorpal, Str+4}
Press: ? - help, Dir - move target, f/p - centaur warrior
Aim: a centaur warrior, wielding a +0 longbow and quivering arrows (about 22% to evade the +9 spear "Etrawauckoy")
You reach to attack!
You closely miss the centaur warrior.
The centaur warrior shoots an arrow.
The arrow closely misses you.
Unknown command.
Reach: t) +9 spear "Etrawauckoy" {vorpal, Str+4}
Press: ? - help, Dir - move target, f/p - centaur warrior
Aim: a centaur warrior, wielding a +0 longbow and quivering arrows (about 22% to evade the +9 spear "Etrawauckoy")
You reach to attack!
You puncture the centaur warrior!
The centaur warrior is moderately wounded.
The centaur warrior shoots an arrow.
The arrow closely misses you.
The centaur warrior shoots an arrow.
The arrow misses you.
The centaur warrior shoots an arrow.
The arrow barely misses you.
Unknown command.
Reach: t) +9 spear "Etrawauckoy" {vorpal, Str+4}
Press: ? - help, Dir - move target, f/p - centaur warrior
Aim: a centaur warrior, wielding a +0 longbow and quivering arrows (lightly wounded, about 22% to evade the +9 spear "Etrawauckoy")
You reach to attack!
You closely miss the centaur warrior.
The centaur warrior is lightly wounded.
The centaur warrior shoots an arrow.
The arrow hits you!
The centaur warrior shoots an arrow.
The arrow hits you!!
* * * LOW HITPOINT WARNING * * *
You are confused.
You feel invigorated.
The centaur warrior shoots an arrow.
The arrow hits you!!
You die...
Your body crumbles into a pile of gold.

##..... #..... ###.##
... #$ ### #. ##.#
###...##############
$#...c.@............#
#.....#######)####.#
#...#.# #)# #.# #..
## #.# #.# # #)# #.#
#)# #.# #.# #.# #.#
#.# #.####.####


You could see a centaur warrior.

Vanquished Creatures
  Pikel (D:5)
  A manticore (D:7)
  A hornet (D:8)
  Grinder (D:5)
  A steam dragon (D:7)
  Eustachio (D:6)
  An acid dragon (D:6)
  Edmund (D:6)
  2 water moccasins
  A black bear (D:4)
  2 ogres (D:4)
  A centaur (D:5)
  3 necrophages (D:6)
  A phantom (D:6)
  A kobold brigand (D:7)
  A lemure (D:5)
  2 bullfrogs
  A scorpion (D:4)
  3 gnoll sergeants (D:7)
  4 wights (D:8)
  2 howler monkeys
  2 centaur zombies
  3 hounds
  A human zombie (Ossuary)
  2 jellies (D:6)
  2 bullfrog skeletons
  Crazy Yiuf (D:4)
  A centaur skeleton (D:6)
  A gnoll shaman (D:5)
  4 orc priests
  Ijyb (D:5)
  6 iguanas
  5 orc wizards
  3 hound skeletons
  3 mummies (Ossuary)
  A howler monkey skeleton (D:7)
  23 gnolls
  11 adders
  2 white imps (D:6)
  2 ufetubi
  2 worms
  A dart slug (D:2)
  25 orcs
  4 endoplasms
  A giant cockroach (D:4)
  6 goblins
  9 hobgoblins
  2 jackals
  5 quokkas
  7 ball pythons
  7 bats
  4 frilled lizards
  3 goblin zombies (Ossuary)
  A hobgoblin zombie (Ossuary)
  15 kobolds
  3 orc zombies (Ossuary)
  A quokka skeleton (D:4)
  3 rats
205 creatures vanquished.

Vanquished Creatures (collateral kills)
  The ghost of Balder the Skirmisher, a novice OgFi of Trog (D:5)
  The ghost of SkeletonJelly the Slasher, a novice MiGl of Okawaru (D:5)
2 creatures vanquished.

Grand Total: 207 creatures vanquished

Notes
Turn   | Place    | Note
-------+----------+-------------------------------------------
     0 | D:1      | ZARRMARR the Merfolk Ice Elementalist began the quest for
                  | the Orb.
     0 | D:1      | Reached XP level 1. HP: 13/13 MP: 3/3
   349 | D:1      | Reached XP level 2. HP: 18/19 MP: 1/5
  1004 | D:2      | Reached skill level 5 in Ice Magic
  1004 | D:2      | Reached XP level 3. HP: 17/24 MP: 2/6
  1346 | D:2      | Reached XP level 4. HP: 30/30 MP: 6/8
  1688 | D:2      | Found a snail-covered altar of Cheibriados.
  1855 | D:2      | Found a faded altar of an unknown god.
  2384 | D:3      | Found an opulent altar of Gozag.
  2403 | D:3      | Became a worshipper of Gozag Ym Sagoz the Greedy
  2712 | D:3      | Reached XP level 5. HP: 31/35 MP: 2/10
  3785 | D:4      | Noticed an ogre
  3799 | D:4      | Killed an ogre
  3800 | D:4      | Reached skill level 6 in Ice Magic
  3800 | D:4      | Reached XP level 6. HP: 29/41 MP: 4/12
  4072 | D:4      | Noticed a black bear
  4083 | D:4      | Killed a black bear
  4397 | D:4      | Reached XP level 7. HP: 18/47 MP: 9/14
  4963 | D:4      | Found a large runed translucent door.
  4964 | D:4      | Found a large runed translucent door.
  4999 | D:4      | Reached skill level 5 in Spellcasting
  5001 | D:4      | Identified the +9 spear "Etrawauckoy" {vorpal, Str+4}
  5374 | D:4      | Found a runed translucent door.
  5375 | D:4      | Noticed Crazy Yiuf
  5410 | D:4      | Killed Crazy Yiuf
  5524 | D:4      | Found a white marble altar of Elyvilon.
  5543 | D:4      | Found a sparkling altar of Nemelex Xobeh.
  5559 | D:4      | Reached skill level 1 in Polearms
  5559 | D:4      | Reached skill level 7 in Ice Magic
  5858 | D:5      | Entered Level 5 of the Dungeon
  5903 | D:5      | Reached skill level 1 in Fighting
  6116 | D:5      | Noticed Pikel
  6133 | D:5      | Killed Pikel
  6134 | D:5      | Reached XP level 8. HP: 25/55 MP: 3/17
  6269 | D:5      | Noticed Grinder
  6272 | D:5      | Paralysed by Grinder for 5 turns
  6307 | D:5      | Killed Grinder
  6308 | D:5      | Reached skill level 8 in Ice Magic
  6687 | D:5      | Reached skill level 1 in Throwing
  6696 | D:5      | Reached XP level 9. HP: 54/61 MP: 8/19
  6830 | D:5      | Noticed Ijyb
  6841 | D:5      | Killed Ijyb
  6967 | D:5      | Found a runed translucent gate.
  6968 | D:5      | Found a runed translucent gate.
  6969 | D:5      | Found a runed translucent gate.
  6970 | D:5      | Noticed SkeletonJelly's ghost (novice MiGl)
  6971 | D:5      | Noticed Balder's ghost (novice OgFi)
  7302 | D:5      | Found a staircase to the Ecumenical Temple.
  7553 | D:5      | Killed SkeletonJelly's ghost
  7573 | D:5      | Killed Balder's ghost
  7754 | D:6      | Noticed Eustachio
  7997 | D:6      | Reached skill level 5 in Polearms
  8156 | D:6      | Killed Eustachio
  8157 | D:6      | Reached skill level 9 in Ice Magic
  8455 | D:6      | Found a shimmering blue altar of Sif Muna.
  8492 | D:6      | Reached XP level 10. HP: 64/68 MP: 22/22
  8797 | D:6      | Noticed Edmund
  8809 | D:6      | Killed Edmund
  9142 | D:7      | Reached skill level 5 in Dodging
  9218 | D:7      | Found a blossoming altar of Fedhas.
  9487 | D:7      | Found a sand-covered staircase.
  9491 | Ossuary  | Entered an ossuary
  9596 | Ossuary  | Learned a level 3 spell: Frozen Ramparts
 10192 | D:7      | Found a sacrificial altar of Ru.
 10218 | D:7      | Noticed a manticore
 10227 | D:7      | Killed a manticore
 10378 | D:7      | Learned a level 3 spell: Ozocubu's Armour
 10425 | D:8      | Found a stormy altar of Qazlal.
 10452 | D:8      | Reached skill level 5 in Throwing
 10875 | D:8      | Noticed a centaur warrior
 10883 | D:8      | Shot with an arrow by a centaur warrior

Illustrated notes

Levels and vault maps discovered:
D:1:      giann_wishing_wells, layout_basic, serial_bayou, serial_bayou_pond_c,
          serial_bayou_pond_e, serial_bayou_pond_d, serial_bayou_lagoon_a
D:2:      minmay_wonky_spiral, layout_basic, ebering_ecumenical_altar_mist,
          basic_altar, corexii_item_surrounded_by_moat
D:3:      layout_basic, pf_just_have_faith, minmay_close_crescents
D:4:      layout_basic, jmf_multi_god_temple2, uniq_crazy_yiuf_cottage
D:5:      layout_basic, minmay_temple_entry_glassed_door,
          gammafunk_ghost_cemetery, grunt_ministairs_8,
          minmay_a_box_with_orc_wizards_in_it, uniq_grinder, uniq_ijyb,
          uniq_pikel
D:6:      layout_cave_pods, general_overflow_altar, uniq_edmund, uniq_eustachio
D:7:      layout_basic, mainiacjoe_overflow_concentric_impassable,
          nicolae_ru_sacrificial_ziggurat, nicolae_ossuary_entry_plus,
          minmay_misc_feat_plants
D:8:      layout_loops_ring, mainiacjoe_overflow_small_starburst,
          grunt_temple_overflow_cloverleaf

Skill      XL: |  1  2  3  4  5  6  7  8  9 10 |
---------------+-------------------------------+-----
Ice Magic      | 5 6 7 8 9 |  9.6
Spellcasting   | 3 4 6 8 |  8.8
Dodging        | 3 4 5 |  5.5
Stealth        | 3 4 |  4.7
Polearms       | 3 4 5 6 |  6.6
Fighting       | 1 2 3 |  3.1
Throwing       | 1 4 5 |  5.2
Shields        | |  0.4

Action                   |  1- 3 |  4- 6 |  7- 9 | 10-12 || total
-------------------------+-------+-------+-------+-------++-------
Melee: Unarmed           |     5 |       |       |       ||     5
       Dagger            |       |    31 |       |       ||    31
       Spear             |       |       |   123 |   140 ||   263
       Trident           |       |       |    13 |       ||    13
Throw: Stone             |       |    95 |    14 |       ||   109
       Boomerang         |       |       |    74 |    73 ||   147
 Cast: Freeze            |    38 |    80 |   116 |    52 ||   286
  Use: Scroll            |     3 |       |     5 |     1 ||     9
       Potion            |     1 |       |       |     1 ||     2
 Stab: Sleeping          |       |     5 |     2 |     1 ||     8
       Distracted        |       |     1 |     2 |     3 ||     6
Armor: Robe              |     4 |    30 |    33 |     5 ||    72
Dodge: Dodged            |    22 |    85 |   104 |    83 ||   294
Block: Buckler           |       |       |       |    12 ||    12
